 Dungeon Crawl Stone Soup version 0.29-a0-472-ge5599a681e (webtiles) character file.

Game seed: 6083406561786944814

2489 greenreed the Spear-Bearer (level 9, 0/75 HPs)
             Began as a Hill Orc Monk on May 22, 2022.
             Was a Believer of Beogh.
             Slain by an orc
             ... wielding a +0 flail
              (11 damage)
             ... on level 7 of the Dungeon.
             The game lasted 00:22:22 (8395 turns).

greenreed the Spear-Bearer (Hill Orc Monk)          Turns: 8395, Time: 00:22:23

Health: 0/75       AC: -6    Str: 18    XL:     9   Next: 52%
Magic:  14/14      EV: 13    Int: 10    God:    Beogh [**....]
Gold:   451        SH:  0    Dex: 19    Spells: 11/14 levels left

rFire   . . .      SeeInvis .   (no weapon)
rCold   . . .      Faith    .   (no shield)
rNeg    + . .      Spirit   .   x - +2 ring mail {rN+}
rPois   .          Reflect  .   y - +0 helmet
rElec   .          Harm     .   (no cloak)
rCorr   .          Rampage  .   (no gloves)
Will    +....                   (no boots)
Stlth   ++........              (no amulet)
HPRegen 0.22/turn               o - +6 ring of dexterity
MPRegen 0.14/turn               h - ring of willpower

@: corroded
A: no striking features
a: Renounce Religion, Smiting


You were on level 7 of the Dungeon.
You worshipped Beogh.
Beogh was pleased with you.
You visited 1 branch of the dungeon, and saw 7 of its levels.

You collected 451 gold pieces.

Inventory:

Hand Weapons
 a - a +0 spear
 b - a +0 trident
 v - a +0 halberd
Missiles
 g - 17 poisoned darts (quivered)
Armour
 x - a +2 ring mail of positive energy (worn)
 y - a +0 helmet (worn)
Jewellery
 h - a ring of willpower (right hand)
 l - a ring of protection from fire
 o - a +6 ring of dexterity (left hand)
 r - a +6 ring of intelligence
 E - a ring of positive energy
Wands
 B - a wand of digging (4)
Scrolls
 d - a scroll of immolation {unknown}
 j - a scroll of enchant weapon {unknown}
 p - 2 scrolls of poison
 q - a scroll of magic mapping
 s - 3 scrolls of noise
 t - 2 scrolls of teleportation {unknown}
 u - a scroll of blinking {unknown}
 w - a scroll of enchant armour {unknown}
 D - a scroll of vulnerability {unknown}
Potions
 c - 3 potions of ambrosia
 e - a potion of curing
 f - 2 potions of might
 i - 4 potions of brilliance
 k - a potion of resistance {unknown}
 m - a potion of cancellation {unknown}
 n - a potion of mutation {unknown}
 z - a potion of flight {unknown}
 A - 2 potions of heal wounds {unknown}
 C - a potion of lignification {unknown}
 F - a potion of invisibility {unknown}


   Skills:
 + Level 6.0 Fighting
 + Level 8.1 Polearms
 + Level 0.7 Throwing
 + Level 5.6 Armour
 + Level 3.9 Dodging
 - Level 2.6 Stealth
 * Level 3.3 Spellcasting
 * Level 4.5 Hexes


You had 11 spell levels left.
You knew the following spells:

 Your Spells              Type           Power      Damage    Failure   Level
a - Tukima's Dance        Hex            10%        N/A       21%         3

Your spell library contained the following spells:

 Spells                   Type           Power      Damage    Failure   Level
 Ensorcelled Hibernation  Hex/Ice        12%        N/A       26%         2
 Portal Projectile        Hex/Tloc       12%        N/A       47%         3
 Sublimation of Blood     Necr           1%         N/A       56%         2
 Call Canine Familiar     Summ           1%         N/A       80%         3
 Spider Form              Tmut/Pois      1%         N/A       80%         3
 Anguish                  Hex/Necr       3%         N/A       87%         4
 Leda's Liquefaction      Hex/Erth       3%         N/A       87%         4
 Passage of Golubria      Tloc           1%         N/A       99%         4
 Petrify                  Tmut/Erth      1%         N/A       99%         4
 Yara's Violent Unravell  Hex/Tmut       3%         3d4       99%         5
 Blade Hands              Tmut           0%         N/A       100%        5
 Irradiate                Conj/Tmut      0%         3d13      100%        5
 Summon Forest            Summ/Tloc      0%         N/A       100%        5
 Simulacrum               Ice/Necr       0%         N/A       100%        6
 Infestation              Necr           0%         N/A       100%        8


Dungeon Overview and Level Annotations

Branches:
Dungeon (7/15)             Temple (0/1) D:6

Altars:
Dithmenos
Elyvilon
Fedhas
Gozag
Kikubaaqudgha
Qazlal
Uskayaw
Vehumet
Wu Jian
Xom
Yredelemnul
The Shining One

Shops:
D:1 (

Annotations:
D:3 1 runed translucent door, Crazy Yiuf


Message History

You hit the orc but do no damage. The orc completely misses you.
You hit the orc but do no damage. The orc closely misses you.
You hit the orc but do no damage. You hit the orc but do no damage.
The orc barely misses you.
You hit the orc but do no damage. The orc hits you with a +0 flail.
* * * LOW HITPOINT WARNING * * *
You hit the orc but do no damage. The orc hits you with a +0 flail!
* * * LOW HITPOINT WARNING * * *
You feel better. The orc hits you with a +0 flail!
* * * LOW HITPOINT WARNING * * *
You feel better. The orc closely misses you.
You hit the orc but do no damage. The orc closely misses you.
You hit the orc but do no damage. The orc hits you with a +0 flail!
* * * LOW HITPOINT WARNING * * *
You feel better. The orc barely misses you.
You hit the orc but do no damage. The orc misses you.
You hit the orc but do no damage. The orc closely misses you.
You hit the orc but do no damage. The orc hits you with a +0 flail.
* * * LOW HITPOINT WARNING * * *
You closely miss the orc. The orc hits you with a +0 flail.
* * * LOW HITPOINT WARNING * * *
You are confused.
You feel invigorated. The orc hits you with a +0 flail!
* * * LOW HITPOINT WARNING * * *
You bump into the rock wall.
The orc closely misses you.
You barely miss the orc.
You bump into the rock wall.
You feel less invigorated.
You feel less confused. The orc hits you with a +0 flail!
* * * LOW HITPOINT WARNING * * *
You closely miss the orc. The orc barely misses you.
a - a +0 spear (weapon)
The orc barely misses you.
You hit the orc but do no damage. The orc hits you with a +0 flail.
* * * LOW HITPOINT WARNING * * *
You are now empty-handed.
Really attack while wielding nothing?
You hit the orc but do no damage. The orc hits you with a +0 flail!
You die...
Beogh appreciates the orc's killing of a heretic priest.

### #.. #.# #.# # ###.# #.
....# #.### ###.## ...#
##...#####. #.######
........... #>o@...#
.......###.###.####.##########
......)# #.....####..........#
....†..#....#J........######.#
.........## ..#######.# #.#
##...##### #.## #.# #.# ###.##
#. #.# #.# ....# #. #.# #.#
##### .. #.# #.#


You could see an orc.

Vanquished Creatures
  A slime creature (D:7)
  A wraith (D:7)
  2 sky beasts (D:6)
  4 black bears
  4 ogres
  2 centaurs (D:6)
  A phantom (D:6)
  2 bullfrogs
  2 necrophages
  A gnoll sergeant (D:7)
  A scorpion (D:6)
  4 crimson imps (D:4)
  A jelly (D:7)
  5 hounds
  A gnoll shaman (D:4)
  3 iguanas
  6 orc wizards
  7 gnolls
  7 adders
  A white imp (D:6)
  An ufetubus (D:7)
  5 dart slugs
  20 orcs
  A bat (D:1)
  6 endoplasms
  3 giant cockroaches
  4 hobgoblins
  2 jackals (D:1)
  3 quokkas
  4 ball pythons
  A frilled lizard (D:1)
  4 goblins
  3 kobolds
  4 rats
117 creatures vanquished.

Vanquished Creatures (others)
  An orc wizard (D:4)
  A white imp (D:6)
  An orc (D:6)
  22 plants (D:6)
25 creatures vanquished.

Grand Total: 142 creatures vanquished

Notes
Turn   | Place    | Note
-------+----------+-------------------------------------------
     0 | D:1      | greenreed the Hill Orc Monk began the quest for the Orb.
     0 | D:1      | Reached XP level 1. HP: 19/19 MP: 1/1
   249 | D:1      | Found Poifusis's Weapon Shop.
   340 | D:1      | Reached XP level 2. HP: 22/27 MP: 2/2
   407 | D:1      | Found a faded altar of an unknown god.
   826 | D:2      | Found a blossoming altar of Fedhas.
  1381 | D:2      | Reached XP level 3. HP: 12/33 MP: 3/3
  1863 | D:2      | Reached skill level 4 in Polearms
  2136 | D:3      | Reached XP level 4. HP: 30/40 MP: 4/4
  2280 | D:3      | Found a white marble altar of Elyvilon.
  2286 | D:3      | Learned a level 3 spell: Tukima's Dance
  2290 | D:3      | Noticed an ogre
  2451 | D:3      | Found a stormy altar of Qazlal.
  2451 | D:3      | Found an opulent altar of Gozag.
  2474 | D:3      | Reached skill level 1 in Armour
  2777 | D:3      | Found a radiant altar of Vehumet.
  2912 | D:3      | Killed an ogre
  2913 | D:3      | Reached skill level 1 in Hexes
  2913 | D:3      | Reached XP level 5. HP: 46/46 MP: 5/5
  3143 | D:3      | Found a runed translucent door.
  3144 | D:3      | Noticed Crazy Yiuf
  3539 | D:4      | Found a shadowy altar of Dithmenos.
  3603 | D:4      | Noticed an ogre
  3649 | D:4      | Killed an ogre
  3650 | D:4      | Reached skill level 1 in Spellcasting
  3650 | D:4      | Reached XP level 6. HP: 53/53 MP: 7/7
  3711 | D:4      | Reached skill level 5 in Polearms
  3898 | D:4      | Found a shimmering altar of Xom.
  3990 | D:4      | Reached XP level 7. HP: 48/60 MP: 9/9
  4449 | D:4      | Found a glowing golden altar of the Shining One.
  4489 | D:5      | Entered Level 5 of the Dungeon
  4514 | D:5      | Reached skill level 6 in Polearms
  4638 | D:5      | Reached XP level 8. HP: 35/67 MP: 11/11
  5019 | D:4      | Reached skill level 5 in Fighting
  5277 | D:5      | Found an ancient bone altar of Kikubaaqudgha.
  5397 | D:5      | Found an ornate altar of the Wu Jian Council.
  6016 | D:6      | Became a worshipper of Beogh the Brigand
  6016 | D:6      | Reached * piety under Beogh
  6016 | D:6      | Reached ** piety under Beogh
  6261 | D:6      | Found a basalt altar of Yredelemnul.
  6288 | D:6      | Found a staircase to the Ecumenical Temple.
  6295 | D:6      | Found a hide-covered altar of Uskayaw.
  6309 | D:6      | Reached skill level 7 in Polearms
  6903 | D:6      | Reached skill level 5 in Armour
  6903 | D:6      | Reached XP level 9. HP: 31/74 MP: 13/13
  8273 | D:7      | Reached skill level 8 in Polearms
  8324 | D:7      | Got the Tome of the Sinister Traveller
  8395 | D:7      | Slain by an orc

Illustrated notes

Levels and vault maps discovered:
D:1:      scummos_arrival_forest, layout_loops_ring,
          hellmonk_ecumenical_altar_zigzags, serial_rivers,
          chequers_serial_rivers_micro_e, chequers_serial_rivers_micro_c,
          chequers_serial_rivers_large_a, chequers_serial_rivers_large_b,
          serial_shops, nicolae_shop_crystal, dk_noncrumbling_3,
          chequers_mini_garden, amethyst_killhole
D:2:      layout_basic, basic_altar
D:3:      layout_loops_ring, mainiacjoe_overflow_tiny_flanked,
          nicolae_vehumet_radiance, gammafunk_temple_overflow_statue,
          minmay_fractal_squares_5, uniq_crazy_yiuf_cottage
D:4:      layout_gridville, lemuel_round_altar, grunt_dithmenos_smoke,
          led_xom_imps, grunt_ministairs_2, chequers_serial_rivers_micro_c,
          hangedman_decor_push, solitary_fountain,
          hangedman_abyss_or_decor_lesser_grid
D:5:      layout_rooms, pdpol_wu_jian_five_deadly_venoms,
          mainiacjoe_overflow_concentric_impassable
D:6:      layout_loops_ring, mainiacjoe_overflow_chevrons,
          nicolae_uskayaw_dance_hall, minmay_temple_entry_hall, st_stairs_5
D:7:      layout_loops_ring, grunt_nemelex_the_gamble, trog_ov_bears_minmay,
          minmay_fountain_box, minmay_three_doors

Skill      XL: |  1  2  3  4  5  6  7  8  9 |
---------------+----------------------------+-----
Fighting       | 4 5 6 |  6.0
Polearms       | 4 5 6 7 8 |  8.1
Armour         | 1 2 3 5 |  5.6
Hexes          | 1 2 3 4 |  4.5
Dodging        | 3 |  3.9
Stealth        | 2 |  2.6
Spellcasting   | 1 2 3 |  3.3
Throwing       | |  0.7

Action                   |  1- 3 |  4- 6 |  7- 9 || total
-------------------------+-------+-------+-------++-------
Melee: Spear             |   127 |    64 |     1 ||   192
       Punch             |     4 |     3 |     2 ||     9
       Trident           |       |    46 |   447 ||   493
       Unarmed           |       |       |     1 ||     1
Throw: Dart              |       |     7 |       ||     7
 Cast: Tukima's Dance    |       |       |     1 ||     1
Invok: Convert to Beogh  |       |       |     1 ||     1
  Use: Scroll            |       |     3 |     5 ||     8
       Potion            |       |       |     4 ||     4
 Stab: Sleeping          |     3 |     4 |     6 ||    13
       Invisible         |       |     1 |     3 ||     4
Armor: Robe              |    15 |       |       ||    15
       Ring mail         |    24 |    25 |   164 ||   213
Dodge: Dodged            |    59 |    26 |   248 ||   333

Table legend: (Time is in decaauts)
 A = Elapsed time spent in this place.
 B = Non-inter-level travel time spent in this place.
 C = Inter-level travel time spent in this place.
 D = Time resting spent in this place.
 E = Time spent auto-exploring this place.
 F = Levels seen in this place.
 G = Mean time per level.
                   A        B        C        D        E       F      G
               +--------+--------+--------+--------+--------+-----+--------+
         Total |   8409 |   8164 |    245 |    816 |   5694 |   7 | 1201.3 |
       Dungeon |   8409 |   8164 |    245 |    816 |   5694 |   7 | 1201.3 |
               +--------+--------+--------+--------+--------+-----+--------+

Top non-repeatable levels by time:
     D:6: 1666 daAuts
     D:2: 1380 daAuts
     D:4: 1317 daAuts
     D:3: 1315 daAuts
     D:5: 999 daAuts
     D:7: 894 daAuts
     D:1: 837 daAuts
